Map: Ulrena

Players

PafLeChien

  • Race: Zerg Zerg
  • League: Gold
  • Spawn Location: 11:00

zidar - Winner!

  • Race: Zerg Zerg
  • League: Gold
  • Spawn Location: 7:00

VOD

Have the link to the VOD?

Description

Time

  • Played on: July 3, 2016, 9:26 a.m.
  • Length: 10:32
Show
View Real Time Build Order
Export as new Build Order

PafLeChien Zerg 

Build Orders: Pool First 

Get SALT Encoding   

  12  0:01  Drone  
  13  0:10  Drone  
  14  0:21  Overlord  
  14  0:25  Extractor  
  14  0:26  Drone  
  14  0:43  Drone  
  14  0:48  Drone  
  16  0:51  Spawning Pool  
  16  0:55  Drone x2  
  17  1:03  Evolution Chamber  
  16  1:16  Drone  
  16  1:18  Drone  
  18  1:47  Spine Crawler  
  18  1:50  Queen, Spine Crawler x2  
  17  2:09  Zergling x6  
  20  2:41  Hatchery  
  19  2:53  Drone x3  
  19  3:20  Zergling x4  
  21  3:31  Spine Crawler  
  21  3:32  Spine Crawler  
  19  3:35  Spine Crawler  
  18  3:46  Lair  
  18  4:07  Drone x2  
  20  4:40  Queen  
  20  4:42  Drone x3  
  25  4:45  Extractor  
  25  4:47  Extractor  
  23  4:55  Spire  
  23  4:57  Spore Crawler  
  21  5:05  Extractor, Spore Crawler  
  21  5:07  Zerg Ground Armor Level 1  
  19  5:11  Drone x3  
  23  5:14  Drone  
  23  5:22  Drone x2  
  23  5:27  Drone  
  26  5:37  Spine Crawler  
  26  5:40  Spore Crawler  
  24  5:46  Drone x2  
  26  5:53  Drone x2  
  28  5:58  Overlord  
  28  6:10  Spine Crawler  
  27  6:24  Zergling x6  
  30  6:38  Mutalisk x3  
  33  7:19  Drone  
  33  7:20  Drone x2  
  36  7:29  Overlord x4  
  36  7:30  Overlord  
  36  8:00  Drone x3  
  31  9:59  Hatchery  
  30  10:10  Drone x2  
  30  10:11  Drone x2  
Show
View Real Time Build Order
Export as new Build Order

zidar Zerg - Winner!

Build Orders: Pool First 

Get SALT Encoding   

  12  0:01  Drone  
  13  0:08  Extractor  
  13  0:11  Drone  
  13  0:32  Spawning Pool  
  13  0:42  Drone  
  13  0:46  Overlord  
  13  0:57  Overlord  
  13  1:18  Queen  
  13  1:22  Metabolic Boost  
  15  1:26  Zergling x2  
  15  1:30  Zergling x2  
  17  1:34  Zergling x2  
  18  1:43  Zergling x2  
  19  1:50  Zergling x2  
  20  2:02  Zergling x2  
  21  2:10  Zergling x2  
  22  2:20  Zergling x2  
  23  2:27  Zergling x6  
  26  2:36  Zergling x2  
  28  2:51  Zergling x2  
  28  3:02  Zergling x2  
  29  3:08  Zergling x2  
  26  3:35  Hatchery  
  26  3:38  Roach Warren  
  23  3:46  Drone x5  
  28  4:07  Extractor, Drone x3  
  30  4:15  Overlord x2  
  30  4:32  Queen  
  30  4:36  Drone x3  
  35  4:45  Drone  
  35  4:46  Drone x2  
  35  4:51  Drone  
  39  5:11  Evolution Chamber  
  38  5:19  Drone x6  
  44  5:23  Lair  
  44  5:47  Overlord x3  
  44  5:48  Overlord  
  44  6:03  Pneumatized Carapace  
  44  6:06  Drone x7  
  51  6:34  Roach  
  51  6:35  Roach x6  
  51  6:36  Glial Reconstitution  
  65  6:40  Zerg Missile Weapons Level 1  
  57  7:14  Roach x10  
  77  7:24  Spore Crawler  
  77  7:26  Spore Crawler x2  
  77  7:29  Spore Crawler x2  
  72  7:33  Spore Crawler  
  72  7:34  Spore Crawler x2  
  69  7:37  Spore Crawler  
  69  7:38  Spore Crawler  
  69  7:41  Roach x4  
  73  8:01  Spire  
  73  8:03  Extractor  
  71  8:05  Extractor  
  70  8:17  Overlord x4  
  34  9:33  Mutalisk x6  
  34  9:37  Mutalisk  
  44  9:48  Mutalisk  
Tags
 
League
GoldGold
Matchup
ZvZ
Race
Zerg
Spawn Locations
Close Positions
Add a new tag
Caveats
  • Supply blocks, unpowered buildings, or Contaminate may cause inaccurate times.
  • Supply counts are checked every 10 seconds.